 Dungeon Crawl Stone Soup version 0.21-a0-71-g5e5ddd2 (webtiles) character file.

525173 GordonOverkill the Hoplite (level 24, -6/241 (242) HPs)
             Began as a Deep Dwarf Fighter on June 19, 2017.
             Was the Champion of Makhleb.
             Mangled by the Royal Jelly (7 damage)
             ... on level 5 of the Pits of Slime.
             The game lasted 02:23:21 (42925 turns).

GordonOverkill the Hoplite (Deep Dwarf Fighter)    Turns: 42925, Time: 02:23:23

HP:   -6/241 (242)  AC: -6    Str: 24    XL:     24   Next: 24%
MP:   24/24         EV: 20    Int: 12    God:    Makhleb [******]
Gold: 1129          SH: 28    Dex: 13    Spells: 22/23 levels left

rFire    + + .     SeeInvis .   Z - +9 war axe (vamp)
rCold    + . .     Gourm    +   T - +2 large shield {AC+3}
rNeg     + + +     Faith    .   U - +2 plate armour {rF+}
rPois    +         Spirit   .   e - -2 hat of the Alchemist {rElec rPois rF+ rC+ rN+ MR+ rMut rCorr}
rElec    +         Reflect  .   A - +2 cloak {rPois}
rCorr    +         Harm     .   N - +0 pair of gloves
rMut     +         Rnd*Rage +   k - +2 pair of boots {run}
MR       ++++.                  r - amulet of the gourmand
Stlth    ..........             X - +5 ring of evasion
HPRegen  0.00/turn              a - ring of Freedom {rN+ Slay+3 Stlth+}
MPRegen  0.19/turn

@: corroded, non-regenerating, hasted, very quick
A: damage resistance, heal wounds, antennae 1, berserk 1, blurry vision 1,
clumsy 2, negative energy resistance 1, sense surroundings 3, MP-powered wands,
no regeneration
}: 3/15 runes: decaying, serpentine, silver
a: Heal Wounds, Minor Destruction, Lesser Servant of Makhleb, Major Destruction,
Greater Servant of Makhleb, Renounce Religion


You were on level 5 of the Pits of Slime.
You worshipped Makhleb.
Makhleb was exalted by your worship.
You were not hungry.

You visited 9 branches of the dungeon, and saw 45 of its levels.
You also visited: Ossuary, Ice Cave, Volcano and Wizlab.

You collected 4607 gold pieces.
You spent 3478 gold pieces at shops.

Inventory:

Hand Weapons
 g - a +0 broad axe of flaming
 Q - a +3 broad axe of chopping
 V - a +1 antimagic executioner's axe
 Z - a +9 vampiric war axe (weapon)
Missiles
 G - 3 throwing nets (quivered)
Armour
 e - the -2 hat of the Alchemist (worn) {rElec rPois rF+ rC+ rN+ MR+ rMut rCorr}
   (You bought it in a shop on level 2 of the Snake Pit)

   It protects you from fire.
   It protects you from cold.
   It insulates you from electricity.
   It protects you from poison.
   It protects you from negative energy.
   It affects your resistance to hostile enchantments.
   It protects you from acid and corrosion.
   It protects you from mutation.
 j - a +0 large shield of cold resistance
 k - a +2 pair of boots of running (worn)
 A - a +2 cloak of poison resistance (worn)
 D - a +2 pair of boots of fire resistance
 N - a +0 pair of gloves (worn)
 T - a +2 large shield of protection (worn)
 U - a +2 plate armour of fire resistance (worn)
Jewellery
 a - the ring of Freedom (right hand) {rN+ Slay+3 Stlth+}
   (You found it on level 3 of the Snake Pit)

   [ring of stealth]

   It affects your accuracy and damage with ranged weapons and melee attacks
   (+3).
   It protects you from negative energy.
   It makes you more stealthy.
 b - the ring "Daasyp" {+Fly rPois rC+ Int+5}
   (You found it on level 5 of the Vaults)

   [ring of flight]

   It affects your intelligence (+5).
   It protects you from cold.
   It protects you from poison.
   It lets you fly.
 r - an amulet of the gourmand (around neck)
 L - an uncursed ring of see invisible
 X - a +5 ring of evasion (left hand)
Scrolls
 n - a scroll of enchant weapon
 o - 18 scrolls of remove curse
 p - 21 scrolls of teleportation
 v - 7 scrolls of blinking
 w - a scroll of fog
 y - 9 scrolls of enchant armour
 F - 4 scrolls of recharging
 J - a scroll of holy word
 K - a scroll of silence
 P - 6 scrolls of magic mapping
 R - 2 scrolls of fear
Potions
 d - 18 potions of curing
 h - 8 potions of might
 q - 6 potions of flight
 u - a potion of berserk rage
 x - a potion of cancellation
 B - 3 potions of ambrosia
 C - 5 potions of haste
 E - a potion of magic
 I - 2 potions of invisibility
 M - 5 potions of resistance
 S - 4 potions of agility
 W - 6 potions of mutation
 Y - 4 potions of heal wounds
Miscellaneous
 H - a phial of floods
 O - a lightning rod (3/4)
Comestibles
 f - 16 bread rations
 l - 13 fruits
 m - 19 royal jellies
 t - 25 meat rations


   Skills:
 + Level 19.4 Fighting
 - Level 19.2 Axes
 - Level 16.0 Armour
 - Level 15.1 Dodging
 - Level 25.1 Shields
 - Level 14.0 Invocations


You had 22 spell levels left.
You knew the following spells:

 Your Spells              Type           Power        Failure   Level  Hunger
a - Apportation           Tloc           #.....       94%         1    ##.....


Dungeon Overview and Level Annotations

Branches:
Dungeon (15/15)            Temple (1/1) D:6            Lair (6/6) D:9
  Swamp (4/4) Lair:2        Snake (4/4) Lair:2        Slime (5/5) Lair:6
    Orc (2/2) D:11            Elf (3/3) Orc:2        Vaults (5/5) D:14
  Crypt (0/3) Vaults:3     Depths (0/5) D:15

Altars:
Ashenzari
Cheibriados
Dithmenos
Elyvilon
Fedhas
Gozag
Hepliaklqana
Kikubaaqudgha
Makhleb
Nemelex Xobeh
Okawaru
Qazlal
Ru
Sif Muna
Trog
Uskayaw
Vehumet
Wu Jian
Xom
Yredelemnul
Zin
The Shining One
Jiyva

Shops:
D:10 }*!?   D:15 :   Orc:2 =(?=}   Elf:1 [   Elf:2 *   Snake:2 !*:[   Snake:4 (
Vaults:3 ?

Portals:
Trove: D:14 (give 10 potions of heal wounds)

Annotations:
D:9 exclusion: ice statue
Slime:5 Royal Jelly
Elf:3 1 exclusion


Innate Abilities, Weirdness & Mutations

You are resistant to damage.
You can heal yourself by infusing magical energy.
You resist negative energy. (rN+)
You passively map a large area around you.
You do not regenerate.
You have a pair of small antennae on your head.
You tend to lose your temper in combat.
Scrolls take you a little longer to read.
You are very clumsy. (Dex -4)
You expend magic power (3 MP) to strengthen your wands.


Message History

The Royal Jelly hits you!!
* * * LOW HITPOINT WARNING * * *
You are splashed with acid!
The acid burns!
You resist.
* * * LOW HITPOINT WARNING * * *
You block the Royal Jelly's attack.
You begin reading the scroll.
You continue reading the scroll.
You block the death ooze's attack. The death ooze misses you.
You block the azure jelly's attack. The azure jelly closely misses you.
The azure jelly hits you. The azure jelly barely misses you.
The acid blob spits acid at you. The splash of acid hits you! You resist.
* * * LOW HITPOINT WARNING * * *
The acid corrodes you!
You are splashed with acid!
The acid burns!
You resist. The acid blob spits acid at you. The splash of acid hits you!
You resist.
* * * LOW HITPOINT WARNING * * *
The acid corrodes you!
You are splashed with acid!
The acid burns!
You resist.
* * * LOW HITPOINT WARNING * * *
The Royal Jelly closely misses you. The Royal Jelly hits you!
You die...

.................................
.................................
.................................
.................................
................................#
#...............................#
#...............................#
###............JJJ.............##
#..###.......J@J.........#.###
##.# ###.......J......###### ###
#............### ####...##.#.##
#...###### #####


You could see the Royal Jelly, 2 acid blobs, an azure jelly and 2 death oozes.

Vanquished Creatures
  2 ancient liches
  Frederick (Vaults:4)
  Boris (Vaults:4)
  Jorgrun (Elf:3)
  2 tentacled monstrosities
  2 liches (Vaults:5)
  6 titans
  2 deep elf blademasters (Elf:3)
  2 deep elf master archers (Elf:3)
  15 acid blobs
  2 sphinxes
  A quicksilver dragon (Vaults:5)
  5 shadow dragons
  A thorn hunter (Swamp:3)
  An ancient champion (WizLab)
  3 storm dragons
  2 tengu reavers (Vaults:5)
  10 azure jellies
  Kirke (Swamp:3)
  Donald (Vaults:1)
  Roxanne (Swamp:1)
  4 deep elf sorcerers
  6 fire giants
  A frost giant (Vaults:5)
  An iron dragon (Vaults:5)
  15 vault wardens
  9 nagarajas
  5 deep elf elementalists
  18 ironheart preservers
  6 very ugly things
  6 stone giants
  A war gargoyle (Vaults:5)
  4 entropy weavers
  Nessos (D:14)
  10 deep elf demonologists
  8 deep elf annihilators
  9 small abominations
  7 ettins
  Snorg (Lair:4)
  11 deep elf death magi
  5 death oozes (Slime:5)
  6 great orbs of eyes
  14 yaktaur captains
  2 fire dragons
  7 deep elf high priests
  35 vault guards
  A large abomination (Vaults:5)
  22 hydras
  A ghost crab (Swamp:3)
  A merfolk avatar (Lair:6)
  10 naga warriors
  4 ice dragons
  56 two-headed ogres
  25 anacondas
  12 alligators
  2 centaur warriors
  6 death knights
  26 dancing weapons
  17 ogre magi
  A tengu warrior (D:11)
  5 death yaks (Lair:6)
  A deep troll shaman (Vaults:5)
  3 orc high priests
  A deep troll earth mage (Vaults:4)
  3 naga sharpshooters
  7 shock serpents
  26 deep elf knights
  2 spriggans (Swamp:4)
  A storm dragon zombie (Vaults:5)
  Nergalle (Lair:4)
  A fire crab (Volcano)
  A fire crab (shapeshifter) (Vaults:3)
  2 shadow wraiths
  A salamander mystic (Snake:2)
  A spriggan druid (Swamp:2)
  12 deep trolls
  3 sea snakes (Lair:6)
  3 unseen horrors
  An iron troll (D:14)
  5 flayed ghosts
  2 glowing orange brains
  14 skeletal warriors
  An unseen horror (shapeshifter) (D:14)
  6 wizards
  2 shambling mangroves (Swamp:4)
  24 deep elf archers
  A lindwurm (Volcano)
  10 harpies
  6 naga ritualists
  9 swamp dragons
  13 orc knights
  20 ironbrand convokers
  7 mana vipers
  4 phantasmal warriors
  A harpy (shapeshifter) (Vaults:2)
  6 orc sorcerers
  A mana viper (shapeshifter) (Vaults:3)
  A fire giant zombie (Vaults:4)
  5 necromancers
  An oklob plant (Snake:1)
  A wolf spider (shapeshifter) (Vaults:3)
  73 deep elf magi
  11 shining eyes
  2 wolf spiders
  11 ugly things
  A frost giant zombie (Vaults:4)
  A manticore (Lair:6)
  6 cyclopes
  6 salamanders
  12 vault sentinels
  A frost giant skeleton (Vaults:4)
  12 guardian serpents
  5 elephants (Lair:6)
  2 fire giant skeletons (Vaults:5)
  A stone giant skeleton (Vaults:4)
  2 black mambas (shapeshifter)
  Joseph (D:9)
  17 naga magi
  18 spiny frogs
  2 eyes of devastation
  29 black mambas
  2 eyes of devastation (shapeshifter)
  A guardian serpent (shapeshifter) (Vaults:5)
  4 centaur skeletons
  3 ice statues (IceCv)
  A kobold demonologist (D:13)
  10 komodo dragons
  A gargoyle (D:15)
  A yaktaur zombie (Vaults:4)
  A redback zombie (D:15)
  7 rime drakes
  41 yaktaurs
  11 freezing wraiths
  A queen bee (D:9)
  5 polar bears
  2 tengu conjurers
  7 tyrant leeches
  A queen bee (shapeshifter) (Vaults:2)
  5 trolls
  Grinder (D:3)
  17 hornets
  2 blink frogs (shapeshifter)
  91 slime creatures
  A hippogriff (shapeshifter) (Elf:2)
  11 blink frogs
  7 bog bodies
  6 hippogriffs
  A dream sheep (shapeshifter) (Vaults:4)
  An ettin zombie (Vaults:4)
  A meliai zombie (D:15)
  2 air elementals
  Sigmund (D:4)
  10 redbacks
  4 vampires
  3 shadows
  2 yaks (shapeshifter)
  45 yaks
  A water elemental (Elf:2)
  3 golden eyes (Slime:4)
  3 hogs (Swamp:3)
  3 wraiths
  A basilisk (shapeshifter) (D:14)
  19 fire bats
  4 wyverns
  4 fire elementals
  The ghost of rexbael the Slasher, an amateur BaFi (D:3)
  5 basilisks
  2 hungry ghosts
  24 vampire mosquitoes
  3 human simulacra
  2 steam dragons (D:9)
  43 nagas
  22 swamp worms
  5 wargs
  5 two-headed ogre zombies (WizLab)
  2 acid dragons
  2 hell hounds (Volcano)
  2 insubstantial wisps (Swamp:2)
  30 orc warriors
  A floating eye (shapeshifter) (Vaults:4)
  19 water moccasins
  5 porcupines
  8 swamp drakes
  10 ice beasts
  2 sky beasts
  A human zombie (Vaults:4)
  3 black bears
  A necrophage (D:6)
  4 phantoms
  41 ogres
  8 boggarts
  11 centaurs
  9 eyes of draining
  6 wolves (Lair:1)
  10 crocodiles
  An elf zombie (Ossuary)
  Blork the orc (D:6)
  4 big kobolds
  12 bullfrogs
  A gnoll sergeant (D:9)
  2 earth elementals (Elf:2)
  A deep troll simulacrum (Vaults:4)
  2 wyvern skeletons (D:14)
  A scorpion (D:6)
  8 troll zombies (WizLab)
  17 killer bees
  20 wights
  6 electric eels
  4 howler monkeys
  14 crimson imps
  2 bullfrog zombies
  5 lava snakes (Volcano)
  6 centaur zombies
  A quasit (D:10)
  5 jellies
  9 hounds
  A bullfrog skeleton (D:12)
  15 orc priests
  23 orc wizards
  Crazy Yiuf (D:2)
  Jessica (D:3)
  Ijyb (D:5)
  3 iguanas
  4 hell rats (Lair:5)
  A statue (D:6)
  11 worker ants
  4 big kobold zombies (Ossuary)
  6 ogre zombies (WizLab)
  A hound zombie (D:7)
  2 hound skeletons
  3 mummies
  A worker ant zombie (D:10)
  Robin (D:2)
  10 adders
  12 gnolls
  A howler monkey skeleton (D:8)
  A shadow imp (D:6)
  A white imp (D:10)
  An ooze (D:1)
  3 adder zombies
  An adder skeleton (D:5)
  2 worms
  4 dart slugs
  4 leopard geckos
  97 orcs
  7 bats
  5 giant cockroaches
  23 goblins
  6 hobgoblins
  18 jackals
  6 quokkas
  A ball python (D:2)
  2 frilled lizards
  12 hobgoblin zombies (Ossuary)
  A jackal zombie (Ossuary)
  10 kobolds
  11 kobold zombies (Ossuary)
  4 orc zombies (Ossuary)
  5 rats
  A rat zombie (Ossuary)
  12 crawling corpses
  3 fungi
  6 plants
1972 creatures vanquished.

Vanquished Creatures (collateral kills)
  A thorn hunter (Swamp:4)
  Aizul (Swamp:1)
  Louise (Swamp:2)
  2 small abominations (Vaults:5)
  3 hydras
  A catoblepas (D:13)
  2 death yaks (Lair:6)
  A spriggan berserker (Swamp:4)
  An orc high priest (Orc:2)
  Sonja (Lair:2)
  A harpy (Lair:6)
  2 orc knights (Orc:2)
  An ugly thing (IceCv)
  An elephant (Lair:6)
  5 oklob plants
  A black mamba (Lair:6)
  A molten gargoyle (Volcano)
  3 spiny frogs
  A centaur skeleton (D:14)
  2 komodo dragons
  2 rime drakes
  A polar bear (Lair:5)
  3 bog bodies
  5 slime creatures
  A fire bat (Volcano)
  5 yaks (Lair:6)
  2 insubstantial wisps (Swamp:2)
  A porcupine (Lair:2)
  3 orc warriors
  2 swamp drakes (Swamp:4)
  A necrophage (D:14)
  A crocodile (Lair:4)
  An electric eel (Lair:1)
  A crimson imp (D:13)
  A jelly (D:14)
  3 orc wizards (Orc:2)
  2 orc priests (Orc:2)
  6 orcs
  A fungus (Lair:4)
74 creatures vanquished.

Vanquished Creatures (others)
  A nagaraja (Snake:4)
  A dancing weapon (Elf:2)
  A spriggan druid (Swamp:2)
  A deep elf mage (Elf:1)
  A naga (Snake:2)
  2 ogres
  19 fungi
  14 plants
40 creatures vanquished.

Grand Total: 2086 creatures vanquished

Notes
Turn   | Place    | Note
-------+----------+-------------------------------------------
     0 | D:1      | GordonOverkill the Deep Dwarf Fighter began the quest for the Orb.
     0 | D:1      | Reached XP level 1. HP: 20/20 MP: 1/1
   106 | D:1      | Reached XP level 2. HP: 21/27 MP: 2/2
   528 | D:1      | Reached XP level 3. HP: 8/34 MP: 3/3
   673 | D:2      | Noticed Robin
   690 | D:2      | Killed Robin
   828 | D:2      | Found a hazy altar of Hepliaklqana.
   848 | D:2      | Reached XP level 4. HP: 26/42 MP: 4/4
  1017 | D:2      | Found a stormy altar of Qazlal.
  1038 | D:2      | Found a sacrificial altar of Ru.
  1210 | D:2      | Found a runed door.
  1214 | D:2      | Noticed Crazy Yiuf
  1219 | D:2      | Killed Crazy Yiuf
  1363 | D:2      | Reached XP level 5. HP: 49/49 MP: 5/5
  1537 | D:3      | Noticed rexbael's ghost (amateur BaFi)
  1548 | D:3      | Killed rexbael's ghost
  1548 | D:3      | Reached skill level 5 in Axes
  1548 | D:3      | Reached XP level 6. HP: 35/56 MP: 6/6
  1686 | D:3      | Noticed Jessica
  1696 | D:3      | Killed Jessica
  1696 | D:3      | Reached skill level 5 in Armour
  1859 | D:3      | Noticed Grinder
  1872 | D:3      | Paralysed by Grinder for 4 turns
  1879 | D:3      | Paralysed by Grinder for 3 turns
  1883 | D:3      | Killed Grinder
  1883 | D:3      | Reached XP level 7. HP: 24/64 MP: 6/6
  2298 | D:4      | Reached XP level 8. HP: 22/73 MP: 5/5
  2719 | D:4      | Found a basalt altar of Yredelemnul.
  2838 | D:4      | Found a shattered altar of Ashenzari.
  2869 | D:4      | Noticed Sigmund
  2879 | D:4      | Killed Sigmund
  2879 | D:4      | Reached skill level 5 in Fighting
  3156 | D:5      | Entered Level 5 of the Dungeon
  3162 | D:5      | Noticed Ijyb
  3177 | D:5      | Killed Ijyb
  3720 | D:6      | Noticed Blork the orc
  3733 | D:6      | Killed Blork the orc
  3746 | D:6      | Found a hide-covered altar of Uskayaw.
  3748 | D:6      | Noticed a dagger
  3748 | D:6      | Noticed a dagger
  3923 | D:6      | Found a radiant altar of Vehumet.
  3956 | D:6      | Found a staircase to the Ecumenical Temple.
  3963 | Temple   | Entered the Ecumenical Temple
  4148 | Temple   | Became a worshipper of Makhleb the Destroyer
  4597 | D:7      | Gained mutation: You passively map the area around you. [Deep Dwarf growth]
  4597 | D:7      | Reached XP level 9. HP: 30/82 MP: 4/4
  4789 | D:7      | Found a sand-covered staircase.
  4797 | Ossuary  | Entered an ossuary
  4840 | Ossuary  | Reached * piety under Makhleb
  4928 | Ossuary  | Reached skill level 10 in Axes
  5265 | D:7      | Found an iron altar of Okawaru.
  5275 | D:7      | Reached ** piety under Makhleb
  5778 | D:8      | Reached skill level 1 in Invocations
  5836 | D:8      | Found a hide-covered altar of Uskayaw.
  6068 | D:8      | Found a blossoming altar of Fedhas.
  6152 | D:8      | Found an ornate altar of the Wu Jian Council.
  6173 | D:9      | Noticed an ice devil
  6175 | D:9      | Noticed an ice devil
  6191 | D:9      | Noticed an ice devil
  6202 | D:9      | Noticed an ice devil
  6205 | D:9      | Noticed an ice devil
  6223 | D:9      | Noticed an ice statue
  6268 | D:9      | Noticed Joseph
  6282 | D:9      | Killed Joseph
  6282 | D:9      | Reached XP level 10. HP: 59/92 MP: 7/7
  6432 | D:9      | Reached *** piety under Makhleb
  6455 | D:9      | Found a staircase to the Lair.
  6877 | D:9      | Reached skill level 5 in Invocations
  7068 | D:10     | Entered Level 10 of the Dungeon
  7068 | D:10     | Found Lint's Magic Scroll Boutique.
  7075 | D:10     | Bought a scroll of holy word for 97 gold pieces
  7243 | D:10     | Found Xorpha's General Store.
  7390 | D:10     | Killed an unseen horror
  7457 | D:10     | Found Caotoog's Gadget Shoppe.
  7498 | D:10     | Reached **** piety under Makhleb
  7805 | D:10     | Reached XP level 11. HP: 71/100 MP: 10/10
  7809 | D:10     | Found Rysy's Distillery.
  7813 | D:10     | Bought a potion of haste for 160 gold pieces
  7813 | D:10     | Bought a potion of heal wounds for 80 gold pieces
  7813 | D:10     | Bought a potion of haste for 160 gold pieces
  8035 | D:11     | Found a staircase to the Orcish Mines.
  8832 | D:11     | Noticed a tengu warrior
  8843 | D:11     | Killed a tengu warrior
  8843 | D:11     | Reached skill level 10 in Armour
  9375 | Lair:1   | Entered Level 1 of the Lair of Beasts
  9416 | Lair:1   | Noticed a four-headed hydra
  9429 | Lair:1   | Killed a one-headed hydra
  9471 | Lair:1   | Reached ***** piety under Makhleb
  9725 | Lair:1   | Noticed an oklob plant
  9758 | Lair:1   | Killed an oklob plant
 10045 | Lair:2   | Noticed a seven-headed hydra
 10055 | Lair:2   | Killed a four-headed hydra
 10175 | Lair:2   | Reached XP level 12. HP: 46/112 MP: 12/12
 10232 | Lair:2   | Found a staircase to the Snake Pit.
 10264 | Lair:2   | Noticed Sonja
 10381 | Lair:2   | Killed Sonja
 10496 | Lair:2   | Found a staircase to the Swamp.
 11049 | Lair:3   | Found a dark tunnel.
 11058 | Volcano  | Entered a volcano
 11107 | Volcano  | Reached skill level 10 in Invocations
 11149 | Volcano  | Reached skill level 15 in Axes
 11317 | Volcano  | Found a radiant altar of Vehumet.
 11950 | Lair:3   | Got an ichor-stained scale mail
 11951 | Lair:3   | Identified the +3 scale mail of the Moon Troll {+Inv} (You found it on level 3 of the Lair of Beasts)
 12081 | Lair:4   | Found a shimmering altar of Xom.
 12112 | Lair:4   | Noticed Nergalle
 12125 | Lair:4   | Killed Nergalle
 12151 | Lair:4   | Noticed a five-headed hydra
 12163 | Lair:4   | Killed a one-headed hydra
 12228 | Lair:4   | Reached skill level 10 in Fighting
 12309 | Lair:4   | Noticed a five-headed hydra
 12318 | Lair:4   | Killed a one-headed hydra
 12560 | Lair:4   | Reached XP level 13. HP: 67/123 MP: 15/15
 12594 | Lair:4   | Noticed Snorg
 12606 | Lair:4   | Killed Snorg
 13832 | Lair:6   | Entered Level 6 of the Lair of Beasts
 14489 | Lair:6   | Reached skill level 1 in Dodging
 14512 | Lair:6   | Gained mutation: You resist negative energy. (rN+) [Deep Dwarf growth]
 14512 | Lair:6   | Reached XP level 14. HP: 94/135 MP: 17/17
 14737 | Lair:6   | Found a staircase to the Slime Pits.
 15300 | Orc:1    | Entered Level 1 of the Orcish Mines
 15387 | Orc:1    | You fall through a shaft!
 15387 | Orc:2    | Entered Level 2 of the Orcish Mines
 15402 | Orc:2    | Found a frozen archway.
 15422 | IceCv    | Entered an ice cave
 15744 | Orc:2    | Found a staircase to the Elven Halls.
 15793 | Orc:2    | Found Kida's Gadget Shoppe.
 16150 | Orc:2    | Reached skill level 5 in Dodging
 16278 | Orc:2    | Found Plog's Jewellery Emporium.
 16278 | Orc:2    | Found Ibextaec's Jewellery Shop.
 16280 | Orc:2    | Found Picseudd's Magic Scroll Shop.
 16280 | Orc:2    | Found Uthot Nesarr's Weapon Emporium.
 16294 | Orc:2    | Bought a scroll of acquirement for 780 gold pieces
 16655 | D:12     | Learned a level 1 spell: Apportation
 16941 | D:12     | Reached skill level 4 in Shields
 17937 | D:13     | Reached skill level 5 in Shields
 18027 | D:14     | Noticed Nessos
 18042 | D:14     | Reached XP level 15. HP: 141/141 MP: 19/19
 18051 | D:14     | Killed Nessos
 18194 | D:14     | Found a portal to a secret trove of treasure.
 18454 | D:14     | Reached skill level 6 in Shields
 18686 | D:14     | Reached ****** piety under Makhleb
 18804 | D:14     | Reached skill level 7 in Shields
 18837 | D:14     | Found a gate to the Vaults.
 18994 | D:15     | Entered Level 15 of the Dungeon
 19310 | D:15     | Reached skill level 8 in Shields
 19479 | D:15     | Found a bloodstained altar of Trog.
 19688 | D:15     | Reached skill level 9 in Shields
 19721 | D:15     | Found a staircase to the Depths.
 19816 | D:15     | Found Asor's Book Shoppe.
 20154 | Swamp:1  | Entered Level 1 of the Swamp
 20324 | Swamp:1  | Reached skill level 10 in Dodging
 20405 | Swamp:1  | Noticed Aizul
 20416 | Swamp:1  | Killed Aizul
 20425 | Swamp:1  | Noticed Roxanne
 20441 | Swamp:1  | Reached skill level 10 in Shields
 20449 | Swamp:1  | Killed Roxanne
 21064 | Swamp:2  | Reached skill level 11 in Shields
 21124 | Swamp:2  | Reached skill level 12 in Shields
 21124 | Swamp:2  | Reached XP level 16. HP: 150/150 MP: 19/19
 21221 | Swamp:2  | Reached XP level 17. HP: 157/157 MP: 0/20
 21346 | Swamp:2  | Noticed Louise
 21366 | Swamp:2  | Killed Louise
 21366 | Swamp:2  | Reached skill level 13 in Shields
 22116 | Swamp:3  | Reached skill level 14 in Shields
 22307 | Swamp:3  | Noticed a tentacled monstrosity
 22327 | Swamp:3  | Killed a tentacled monstrosity
 22444 | Swamp:3  | Noticed Kirke
 22459 | Swamp:3  | Killed Kirke
 22785 | Swamp:4  | Entered Level 4 of the Swamp
 22920 | Swamp:4  | Reached skill level 15 in Shields
 23586 | Swamp:4  | Got a decaying rune of Zot
 23937 | Snake:1  | Entered Level 1 of the Snake Pit
 24969 | Snake:2  | Gained mutation: You passively map a large area around you. [Deep Dwarf growth]
 24969 | Snake:2  | Reached XP level 18. HP: 174/174 MP: 0/19
 25154 | Snake:2  | Found Giffeb's Book Emporium.
 25154 | Snake:2  | Found Wylall's General Store.
 25156 | Snake:2  | Found Vurgha's Distillery.
 25180 | Snake:2  | Found Foceh's Armour Emporium.
 25195 | Snake:2  | Bought the -2 hat of the Alchemist {rElec rPois rF+ rC+ rN+ MR+ rMut rCorr} for 755 gold pieces
 25549 | Snake:3  | Got a fine lead ring
 25550 | Snake:3  | Identified the ring of Freedom {rN+ Slay+3 Stlth+} (You found it on level 3 of the Snake Pit)
 25907 | Snake:4  | Entered Level 4 of the Snake Pit
 26191 | Orc:2    | Bought a scroll of blinking for 112 gold pieces
 26191 | Orc:2    | Bought a scroll of enchant weapon for 112 gold pieces
 26909 | Snake:4  | Reached skill level 16 in Shields
 26916 | Snake:4  | Reached skill level 15 in Fighting
 27159 | Snake:4  | Got a serpentine rune of Zot
 27525 | Snake:4  | Reached skill level 17 in Shields
 27556 | Snake:4  | Found a shadowy altar of Dithmenos.
 27638 | Snake:4  | Found Muyvaps's Weapon Boutique.
 27643 | Snake:4  | Reached XP level 19. HP: 188/188 MP: 0/20
 27940 | D:10     | Bought a scroll of enchant weapon for 97 gold pieces
 28072 | Vaults:1 | Entered Level 1 of the Vaults
 29146 | Vaults:1 | Reached skill level 18 in Shields
 29241 | Vaults:1 | Noticed Donald
 29245 | Vaults:1 | Killed Donald
 30346 | Vaults:2 | Reached skill level 19 in Shields
 30398 | Vaults:2 | Reached XP level 20. HP: 196/196 MP: 0/21
 31225 | Vaults:3 | Found Qazun's Magic Scroll Shop.
 31252 | Vaults:3 | Bought a scroll of blinking for 120 gold pieces
 31252 | Vaults:3 | Bought a scroll of magic mapping for 56 gold pieces
 31252 | Vaults:3 | Bought a scroll of teleportation for 48 gold pieces
 31252 | Vaults:3 | Bought 3 scrolls of magic mapping for 168 gold pieces
 31503 | Vaults:3 | Found a staircase to the Crypt.
 31845 | Vaults:3 | Reached skill level 20 in Shields
 32547 | Vaults:3 | Reached skill level 15 in Armour
 32553 | Vaults:4 | Noticed Frederick
 32578 | Vaults:4 | Killed Frederick
 32935 | Vaults:4 | Reached XP level 21. HP: 205/205 MP: 0/22
 33171 | Vaults:4 | Reached skill level 21 in Shields
 33425 | Vaults:4 | Noticed Boris
 33472 | Vaults:4 | Killed Boris
 33678 | Vaults:4 | Paralysed by a floating eye for 2 turns
 33811 | Vaults:5 | Entered Level 5 of the Vaults
 33977 | Vaults:5 | Got a flickering turquoise ring
 33979 | Vaults:5 | Identified the ring "Daasyp" {+Fly rPois rC+ Int+5} (You found it on level 5 of the Vaults)
 34078 | Vaults:5 | Got a shimmering bone ring
 34185 | Vaults:5 | Reached skill level 22 in Shields
 34341 | Vaults:5 | Noticed an ancient lich
 34357 | Vaults:5 | Killed an ancient lich
 34357 | Vaults:5 | Reached XP level 22. HP: 134/213 MP: 0/23
 34705 | Vaults:5 | Paralysed by the power of Zot for 4 turns
 34984 | Vaults:4 | Got a translucent bone ring
 35076 | Vaults:5 | Reached skill level 23 in Shields
 35089 | Vaults:5 | Identified the ring "Sitaxal" {rElec rC+} (You took it off a deep elf elementalist on level 5 of the Vaults)
 35090 | Vaults:5 | Identified the ring "Tastroill" {*Tele *Corrode Str+5} (You took it off an ironbrand convoker on level 4 of the Vaults)
 35149 | Vaults:5 | Identified the Volume of Fetching Arcane Weapons
 35168 | Vaults:5 | Reached skill level 15 in Dodging
 35419 | Vaults:5 | Got a heavily runed plate armour
 35420 | Vaults:5 | Identified the +9 plate armour of Golui {-Tele rC+ Dex+3 Stlth+} (You took it off a vault warden on level 5 of the Vaults)
 35522 | Vaults:5 | Got a silver rune of Zot
 35865 | Vaults:5 | Identified Sif Muna's Papyrus of Virous Dislocation
 35883 | Vaults:5 | Identified a +2 pair of boots of running (You found it on level 5 of the Vaults)
 36369 | Elf:1    | Entered Level 1 of the Elven Halls
 36416 | Elf:1    | Found a magical portal.
 36425 | WizLab   | Entered Zonguldrok's Shrine
 36834 | WizLab   | Noticed an antique lich
 36844 | WizLab   | Killed an antique lich
 37045 | Elf:1    | Found Xoxuaxt's Antique Armour Boutique.
 37050 | Elf:1    | Bought a fine chain mail for 389 gold pieces
 37050 | Elf:1    | Identified the +5 chain mail "Orophili" {rCorr Int+2} (You bought it in a shop on level 1 of the Elven Halls)
 37522 | Elf:1    | Reached XP level 23. HP: 223/223 MP: 24/24
 38000 | Elf:2    | Found an ancient bone altar of Kikubaaqudgha.
 38194 | Elf:2    | Found a huge runed gate.
 38194 | Elf:2    | Found a huge runed gate.
 38194 | Elf:2    | Found a huge runed gate.
 38196 | Elf:2    | Found a huge runed gate.
 38207 | Elf:2    | Found a huge runed gate.
 38404 | Elf:2    | Found Miug's Elven Fire.
 38434 | Elf:2    | Bought a +2 pair of boots of fire resistance for 344 gold pieces
 38621 | Elf:2    | Reached skill level 24 in Shields
 39081 | Elf:3    | Entered Level 3 of the Elven Halls
 39440 | Elf:3    | Noticed Jorgrun
 39473 | Elf:3    | Killed Jorgrun
 40321 | Elf:3    | Got a ring of the Octopus King
 40322 | Elf:3    | Identified a ring of the Octopus King {rCorr AC+1 EV+1 Str+1 Int+1 Dex+1} (You took it off a deep elf mage on level 3 of the Elven Halls)
 40376 | Elf:3    | Got a bound silver ring
 40380 | Elf:3    | Got an ancient bone amulet
 40381 | Elf:3    | Identified the amulet "Lisuciont" {*Slow +Rage rN+++ Str+6 Int+4} (You took it off a deep elf demonologist on level 3 of the Elven Halls)
 40384 | Elf:3    | Identified the ring of Xeoxzosi {Str+6 Dex-5 SInv} (You took it off a deep elf high priest on level 3 of the Elven Halls)
 40688 | Elf:3    | Identified the Catalogue of the Volcanoes and Shape Shifting
 40724 | Elf:3    | Identified the Almanac of Ensnaring Companions
 41152 | Slime:1  | Entered Level 1 of the Pits of Slime
 41372 | Slime:2  | Reached skill level 25 in Shields
 42060 | Slime:4  | Reached XP level 24. HP: 237/237 MP: 24/24
 42372 | Slime:5  | Entered Level 5 of the Pits of Slime
 42383 | Slime:5  | Gained mutation: You have a pair of small antennae on your head. [a shining eye]
 42590 | Slime:5  | Found a viscous altar of Jiyva.
 42655 | Slime:5  | Gained mutation: You expend magic power (3 MP) to strengthen your wands. [a shining eye]
 42663 | Slime:5  | Gained mutation: You tend to lose your temper in combat. [a shining eye]
 42757 | Slime:5  | Gained mutation: Scrolls take you a little longer to read. [a shining eye]
 42758 | Slime:5  | Gained mutation: You are clumsy. (Dex -2) [a shining eye]
 42766 | Slime:5  | Gained mutation: You are very clumsy. (Dex -4) [a shining eye]
 42860 | Slime:5  | Noticed the Royal Jelly
 42924 | Slime:5  | HP: 10/241 [acid (3)]
 42925 | Slime:5  | HP: 4/241 [acid blob/splash of acid[the Royal Jelly] (3)]
 42925 | Slime:5  | HP: 1/241 [acid[the Royal Jelly] (3)]
 42925 | Slime:5  | Mangled by the Royal Jelly

Vault maps used:
D:1:      kennysheep_arrival_seaside, minmay_hexomino_c4
D:2:      nicolae_overflow_crystal_walls, lemuel_round_altar,
          nicolae_ru_the_path_less_chosen, minivault_14,
          uniq_crazy_yiuf_cottage, uniq_robin
D:3:      first_bread, uniq_jessica, uniq_grinder
D:4:      evilmike_ruin_ashenzari, lemuel_crystal_altar, lemuel_flame_loot_1,
          uniq_sigmund
D:5:      uniq_ijyb
D:6:      dancing_weapons_uskayaw, vehumet_statue,
          minmay_temple_entry_large_hall, kennysheep_another_room,
          uniq_blork_the_orc
D:7:      okawaru_metal_pillars_1_2, gup_ossuary_entry_pyramid
D:8:      kennysheep_mini, nicolae_overflow_hidden_temple, basic_altar
D:9:      cheibrodos_frozen_isle, david_nohive_1, bh_walls_and_bars, uniq_joseph
D:10:     serial_shops, nicolae_shop_statue_plus, nicolae_shop_trees,
          nicolae_shop_trees, shop, minmay_nine_imps
D:11:     david_orc_2, chequers_big_river
D:14:     david_vaults_4, enter_trove_2, minmay_misc_feat_chi, uniq_nessos
D:15:     grunt_enter_depths_magical_seal, serial_shops, shop,
          minmay_misc_feat_nine_boxes, trog_ov_bears_minmay
Temple:   hc_temple_tempest_star
Lair:1:   minmay_lair_oklob_chamber, grunt_megastairs_3,
          infiniplex_staircase_pool, serial_bayou_shore_b, lemuel_fruit_fields
Lair:2:   minmay_swamp_entry_swarm, dummy_snake_entry, uniq_sonja
Lair:3:   lightli_volcano_entry_magma_tube, disabler_island
Lair:4:   basic_altar, st_stairs_4, uniq_nergalle, uniq_snorg
Lair:5:   grunt_megastairs_2
Lair:6:   gammafunk_lair_ancient_temple, slime_dummy
Swamp:1:  hangedman_swamp_ruin_wall, uniq_aizul, uniq_roxanne
Swamp:2:  evilmike_swamp_ruin_house_3, uniq_louise
Swamp:3:  nicolae_swamp_fairy_circle, uniq_kirke
Swamp:4:  swamp_basic_johnstein
Snake:1:  dpeg_oklob_gauntlet
Snake:2:  minmay_shoptagon
Snake:3:  st_stairs_10
Snake:4:  grunt_snake_rune_serpentine_throne, basic_altar, serial_shops, shop
Orc:2:    grunt_orc_tribal_feast, portal_ice_cave_rime, serial_shops,
          nicolae_shop_statue_plus
Elf:1:    mu_enter_wizlab_5, serial_shops, shop, hangedman_elf_disciples
Elf:2:    basic_altar, guppyfry_elf_lava
Elf:3:    grunt_elf_hall_branching, uniq_jorgrun
Vaults:1: st_lattice, v_misc_23, nicolae_vaults_circle_grid_a,
          nicolae_vaults_little_squares_6, v_misc_13,
          grunt_vaults_hallway_short, hangedman_vaults_stitches,
          nicolae_vaults_gold_heap, v_alt_pattern_1, uniq_donald
Vaults:2: nicolae_vaults_c_with_doors, vaults_mumra_chevron,
          nicolae_vaults_rhombus_6, vaults_mumra_hexcomb, vaults_room_fours,
          hangedman_vaults_impose, v_pattern_4, nicolae_vaults_circle_grid_b,
          hangedman_vaults_variations, hangedman_vaults_nails, v_misc_10
Vaults:3: v_misc_16, blue_anna_dwarven_crypt, stair_cage_open,
          ontoclasm_vaults_bender, v_misc_3, grunt_vaults_focal, v_misc_4,
          nicolae_vaults_theta, vaults_room_stairs_pillars, v_misc_17,
          nicolae_vaults_three_branches, grunt_vaults_diagonal,
          hangedman_vaults_trim, vaults_dpeg_diagonal, serial_shops,
          nicolae_shop_waterfront
Vaults:4: nicolae_vaults_circle_grid_a, vaults_dpeg_hooks,
          hangedman_vaults_stream, vaults_room_corners, v_misc_29, v_misc_29,
          nicolae_vaults_big_angled_halls, v_misc_4,
          nicolae_vaults_network_periphery, nicolae_vaults_little_squares_3,
          uniq_boris, uniq_frederick
Vaults:5: serial_shops
Ossuary:  ossuary_tomb_1
IceCv:    ice_cave_statue_garden_chambered
Volcano:  volcano_grotto
WizLab:   wizlab_zonguldrok

Skill      XL: |  1  2  3  4  5  6  7  8  9 10 11 12 13 14 15 16 17 18 19 20 21 22 23 24 |
---------------+-------------------------------------------------------------------------+-----
Axes           | 3 4 5 6 7 9 11 12 14 15 17 19 | 19.2
Fighting       | 3 4 5 6 7 8 10 11 13 15 16 18 19 | 19.4
Armour         | 4 5 6 7 8 9 10 12 15 16 | 16.0
Invocations    | 3 6 9 11 12 14 | 14.0
Dodging        | 1 6 10 13 15 | 15.1
Shields        | 5 12 15 17 19 20 22 23 25 | 25.1

Action                   |  1- 3 |  4- 6 |  7- 9 | 10-12 | 13-15 | 16-18 | 19-21 | 22-24 || total
-------------------------+-------+-------+-------+-------+-------+-------+-------+-------++-------
Melee: War axe           |    96 |   125 |   426 |   712 |  1559 |  1364 |  1758 |  1580 ||  7620
       Hand axe          |       |       |       |    23 |    15 |       |       |       ||    38
       Broad axe         |       |       |       |       |       |       |       |   156 ||   156
Invok: Minor Destruction |       |       |     2 |     6 |       |       |       |       ||     8
       Lesser Servant of |       |       |       |    12 |    20 |     3 |       |       ||    35
       Major Destruction |       |       |       |       |     2 |       |       |       ||     2
       Greater Servant o |       |       |       |       |     4 |     3 |     1 |     2 ||    10
 Abil: Heal Wounds       |     1 |     2 |     8 |    11 |     8 |     8 |       |       ||    38
Evoke: Wand              |       |       |       |    12 |    15 |     2 |       |       ||    29
       Lightning rod     |       |       |       |       |       |     1 |       |       ||     1
  Use: Potion            |       |     2 |       |     4 |     1 |       |     3 |     2 ||    12
       Scroll            |       |       |    19 |     9 |     9 |    14 |     7 |    14 ||    72
 Stab: Distracted        |       |       |       |     4 |    13 |       |     1 |     2 ||    20
       Confused          |       |       |       |       |     3 |     3 |       |       ||     6
       Paralysed         |       |       |       |       |       |       |       |     1 ||     1
  Eat: Chunk             |       |     4 |    14 |    14 |    23 |     9 |    23 |    53 ||   140
       Fruit             |       |       |       |    12 |    10 |       |       |       ||    22
       Royal jelly       |       |       |       |       |       |     8 |       |       ||     8
Armor: Scale mail        |    55 |    34 |       |       |       |       |       |       ||    89
       Chain mail        |       |    34 |   151 |       |       |       |       |       ||   185
       Plate armour      |       |       |    77 |   550 |   759 |   503 |   391 |   424 ||  2704
       Leather armour    |       |       |       |     3 |       |       |       |       ||     3
Dodge: Dodged            |    51 |    64 |   126 |   273 |   741 |   669 |   487 |   522 ||  2933
Block: Buckler           |       |       |       |       |   141 |    75 |       |       ||   216
       Shield            |       |       |       |       |       |   322 |       |       ||   322
       Large shield      |       |       |       |       |       |   742 |  1639 |  1656 ||  4037
